 Dungeon Crawl Stone Soup version 0.30-a0-808-g6e0788376e (webtiles) character file.

Game seed: 13374812094369450164

24828 bmack86 the Cleaver (level 12, -1/108 HPs)
             Began as a Minotaur Fighter on Feb 26, 2023.
             Was a High Priest of Okawaru.
             Slain by a death yak (5 damage)
             ... on level 4 of the Lair of Beasts.
             The game lasted 00:39:09 (16178 turns).

bmack86 the Cleaver (Minotaur Fighter)             Turns: 16178, Time: 00:39:10

Health: -1/108     AC: 24    Str: 25    XL:     12   Next: 84%
Magic:  11/16      EV: 10    Int:  5    God:    Okawaru [*****.]
Gold:   1267       SH:  9    Dex: 11    Spells: 11/11 levels left

rFire   + . .      SeeInvis .    I - +2 broad axe
rCold   . . .      Faith    .    c - +1 buckler
rNeg    . . .      Spirit   .    G - +4 chain mail
rPois   .          Reflect  .    (helmet restricted)
rElec   .          Harm     .    L - +2 cloak
rCorr   .          Rampage  .    m - +0 pair of gloves
Will    +....                    H - +0 pair of boots Stlth
                                 (no amulet)
HPRegen 0.38/turn                u - ring of willpower
MPRegen 0.15/turn                b - ring of protection from fire

@: about to teleport, heroic, finesse-ful, studying Earth Magic
A: horns 2, retaliatory headbutt
a: Renounce Religion, Heroism, Finesse, Duel


You were on level 4 of the Lair of Beasts.
You worshipped Okawaru.
Okawaru was extremely pleased with you.
You visited 3 branches of the dungeon, and saw 15 of its levels.
You also visited: Sewer.

You collected 2012 gold pieces.
You spent 745 gold pieces at shops.

Inventory:

Hand Weapons
 a - a +1 war axe of electrocution
 I - a +2 broad axe (weapon)
 J - the +1 war axe "Haicer" {flame, +Blink rN+ rCorr}
   (Okawaru gifted it to you on level 10 of the Dungeon)

   rN:        It protects you from negative energy.
   +Blink:    It lets you blink.
   rCorr:     It protects you from acid and corrosion.
Missiles
 f - 6 boomerangs (quivered)
 h - 11 curare-tipped darts
 n - 2 throwing nets
 o - 67 poisoned darts
 K - 8 javelins
 R - 2 silver boomerangs
Armour
 c - a +1 buckler (worn)
 m - a +0 pair of gloves (worn)
 G - a +4 chain mail (worn)
 H - a +0 pair of boots (worn)
 L - a +2 cloak (worn)
 M - a +0 tower shield
Jewellery
 b - a ring of protection from fire (right hand)
 u - a ring of willpower (left hand)
 N - a ring of positive energy
 S - a ring of resist corrosion
Wands
 k - a wand of flame (40)
 D - a wand of roots (18)
 E - a wand of light (9)
 F - a wand of paralysis (10)
 Q - a wand of mindburst (2)
Scrolls
 j - 5 scrolls of blinking
 q - a scroll of fear
 y - a scroll of magic mapping
 C - 8 scrolls of teleportation
 P - 2 scrolls of fog
Potions
 d - 4 potions of might
 e - 2 potions of attraction
 g - 5 potions of heal wounds
 i - 5 potions of mutation
 l - 7 potions of curing
 p - 2 potions of brilliance
 r - 2 potions of invisibility
 s - 4 potions of cancellation
 t - 4 potions of haste
 v - 5 potions of flight
 w - 2 potions of resistance
 x - 3 potions of magic
 z - 6 potions of lignification
 B - 2 potions of berserk rage
 O - a potion of degeneration {unknown}


   Skills:
 + Level 10.7(15.7) Fighting
 * Level 14.2(19.2) Axes
 + Level 8.3(13.3) Throwing
 + Level 10.8(15.8) Armour
 + Level 10.7(15.7) Shields
 + Level 7.9 Invocations


You had 11 spell levels left.
You didn't know any spells.
Your spell library contained the following spells:

 Spells                   Type           Power      Damage    Failure   Level
 Sandblast                Erth           0%         2d4       93%         1
 Ensorcelled Hibernation  Hex/Ice        0%         N/A       98%         2
 Passwall                 Tmut/Erth      0%         N/A       98%         2
 Gell's Gravitas          Tloc           0%         N/A       100%        3
 Ozocubu's Armour         Ice            0%         N/A       100%        3
 Stone Arrow              Conj/Erth      0%         3d7       100%        3
 Swiftness                Air            0%         N/A       100%        3
 Teleport Other           Tloc           0%         N/A       100%        3
 Passage of Golubria      Tloc           0%         N/A       100%        4
 Yara's Violent Unravell  Hex/Tmut       0%         3d3       100%        5
 Dispersal                Tloc           0%         N/A       100%        6
 Ozocubu's Refrigeration  Ice            0%         4d7       100%        7
 Tukima's Dance           Hex            Unusable   N/A       N/A         3

Dungeon Overview and Level Annotations

Branches:
Dungeon (10/15)            Temple (1/1) D:4            Lair (4/5) D:10
  Swamp (0/4) Lair:2        Snake (0/4) Lair:3          Orc (0/2) D:9
  Sewer (visited)
  Slime: Lair:4-5

Altars:
Ashenzari
Cheibriados
Dithmenos
Fedhas
Gozag
Hepliaklqana
Kikubaaqudgha
Makhleb
Okawaru
Qazlal
Ru
Sif Muna
Trog
Vehumet
Wu Jian
Xom
Yredelemnul
The Shining One

Shops:
D:1 *   D:5 [(*!!

Annotations:
D:8 1 runed translucent door, Darkkill's ghost, novice MiHu


Innate Abilities, Weirdness & Mutations

You have a pair of horns on your head.
You reflexively headbutt those who attack you in melee.


Message History

The death yak gores you but does no damage.
You slash the death yak! Your headbutt misses the death yak.
The death yak is moderately wounded.
You slash the elephant!
You lop one of the 16-headed hydra's heads off!
The 15-headed hydra grows two more!
You slash the 17-headed hydra! You slash the death yak! You hit the elephant.
You hit the death yak but do no damage. You slice the death yak!!
You headbutt the death yak.
The death yak is severely wounded.
You hit the elephant but do no damage. You hit the death yak.
You completely miss the elephant.
You hack one of the 17-headed hydra's heads off!
The 16-headed hydra grows two more!
You slash the 18-headed hydra! You barely miss the death yak.
You slice the death yak!! You headbutt the death yak!
The death yak is almost dead.
You hit the death yak. You slash the elephant!
You chop one of the 18-headed hydra's heads off!
The 17-headed hydra grows two more!
You slash the 19-headed hydra! You hit the death yak.
You barely miss the elephant. The 19-headed hydra barely misses you.
You block the 19-headed hydra's attack. x2
The 19-headed hydra bites you but does no damage. x2
The 19-headed hydra misses you. The 19-headed hydra barely misses you.
The 19-headed hydra bites you but does no damage.
The 19-headed hydra bites you.
* * * LOW HITPOINT WARNING * * *
The 19-headed hydra bites you but does no damage.
You block the 19-headed hydra's attack.
The 19-headed hydra bites you but does no damage. x3
The 19-headed hydra bites you.
* * * LOW HITPOINT WARNING * * *
The 19-headed hydra bites you but does no damage. x2
The 19-headed hydra bites you.
* * * LOW HITPOINT WARNING * * *
The 19-headed hydra bites you but does no damage.
The death yak gores you.
* * * LOW HITPOINT WARNING * * *
The death yak gores you.
You die...

##### #####...##
#####
.........##....#
.........#.....#
....#...Y.....#
......Y@YY...##
.....YDYY.....#
.###...YS.....#
#...†......##
###........##
#........$.#
#.......##..#
..........#
.....
.........##
...$.


You could see 4 death yaks, a 19-headed hydra, 4 elephants and a black mamba.

Vanquished Creatures
  2 hydras
  A catoblepas (Lair:1)
  A boulder beetle (Lair:1)
  A two-headed ogre (D:10)
  Sonja (D:10)
  Nergalle (D:10)
  Lodul (D:10)
  A bog body (Lair:2)
  An oklob plant (Lair:3)
  Maurice (D:10)
  2 elephants (Lair:4)
  A black mamba (Lair:3)
  A gargoyle (D:9)
  A rime drake (Lair:3)
  Psyche (D:9)
  5 komodo dragons
  A troll (D:10)
  Grinder (D:6)
  A shadow (D:10)
  2 wyverns
  41 yaks
  3 steam dragons
  4 basilisks
  Edmund (D:5)
  3 nagas (Lair:3)
  3 swamp worms (Lair:2)
  7 water moccasins
  5 orc warriors
  A black bear (D:8)
  A sky beast (D:6)
  3 ice beasts
  16 ogres
  7 wolves
  4 centaurs
  7 kobold brigands
  2 necrophages
  5 bullfrogs
  A scorpion (D:5)
  2 gnoll sergeants
  5 wights (D:8)
  3 killer bees (D:9)
  4 electric eels
  A howler monkey (D:9)
  14 hounds
  5 jellies
  6 orc priests
  5 gnoll boudas
  Crazy Yiuf (D:7)
  4 hell rats (Lair:2)
  3 iguanas (D:5)
  12 orc wizards
  33 gnolls
  12 adders
  8 river rats
  A shadow imp (D:6)
  2 white imps (D:5)
  2 ufetubi
  3 dart slugs
  42 orcs
  3 bats
  12 endoplasms
  4 giant cockroaches
  6 goblins
  16 hobgoblins
  4 jackals (D:1)
  41 kobolds
  4 quokkas
  8 ball pythons
  8 frilled lizards
  33 rats
  A butterfly (Lair:3)
449 creatures vanquished.

Vanquished Creatures (others)
  7 fungi
  24 plants
31 creatures vanquished.

Grand Total: 480 creatures vanquished

Notes
Turn   | Place    | Note
-------+----------+-------------------------------------------
     0 | D:1      | bmack86 the Minotaur Fighter began the quest for the Orb.
     0 | D:1      | Reached XP level 1. HP: 19/19 MP: 0/0
   144 | D:1      | Found a faded altar of an unknown god.
   191 | D:1      | Reached XP level 2. HP: 27/27 MP: 1/1
   253 | D:1      | Reached skill level 3 in Axes
   601 | D:1      | Found Himnaywi's General Store.
   765 | D:2      | Reached XP level 3. HP: 32/33 MP: 2/2
  1459 | D:3      | Found a glowing drain.
  1479 | Sewer    | Entered a sewer
  1501 | Sewer    | Reached XP level 4. HP: 40/40 MP: 3/3
  1605 | Sewer    | Found a viscous altar of Jiyva.
  1611 | Sewer    | Reached skill level 4 in Axes
  1668 | Sewer    | Reached XP level 5. HP: 38/47 MP: 4/4
  1719 | Sewer    | Reached skill level 1 in Throwing
  1935 | D:3      | Found an opulent altar of Gozag.
  2868 | D:4      | Reached XP level 6. HP: 53/53 MP: 5/5
  2919 | D:4      | Reached skill level 5 in Axes
  3060 | D:4      | Reached skill level 5 in Fighting
  3060 | D:4      | Reached skill level 5 in Armour
  3060 | D:4      | Reached skill level 5 in Shields
  3067 | D:4      | Found a staircase to the Ecumenical Temple.
  3079 | Temple   | Entered the Ecumenical Temple
  3170 | Temple   | Became a worshipper of Warmaster Okawaru
  3785 | D:5      | Entered Level 5 of the Dungeon
  3796 | D:5      | Reached XP level 7. HP: 53/61 MP: 6/6
  3825 | D:5      | Reached skill level 6 in Axes
  3825 | D:5      | Reached skill level 1 in Invocations
  3844 | D:5      | Reached * piety under Okawaru
  3990 | D:5      | Found Icoucue's Distillery.
  3992 | D:5      | Noticed Edmund
  4003 | D:5      | Killed Edmund
  4004 | D:5      | Reached XP level 8. HP: 41/70 MP: 0/8
  4261 | D:5      | Found Ruhakuk's Distillery.
  4341 | D:5      | Found Joqyups's Assorted Antiques.
  4350 | D:5      | Bought a broad axe for 116 gold pieces
  4373 | D:5      | Found Ilid's Antique Weapon Shop.
  4427 | D:5      | Found Sirchuri's Antique Armour Shoppe.
  4769 | D:5      | Reached skill level 7 in Axes
  5323 | D:5      | Reached ** piety under Okawaru
  5664 | D:6      | Found a stormy altar of Qazlal.
  5686 | D:6      | Reached skill level 8 in Axes
  5860 | D:6      | Reached XP level 9. HP: 74/78 MP: 10/10
  6215 | D:6      | Noticed Grinder
  6221 | D:6      | Killed Grinder
  6950 | D:7      | Reached skill level 9 in Axes
  7090 | D:7      | Reached *** piety under Okawaru
  7255 | D:7      | Reached skill level 5 in Throwing
  7555 | D:7      | Found a runed translucent door.
  7556 | D:7      | Noticed Crazy Yiuf
  7563 | D:7      | Killed Crazy Yiuf
  7684 | D:8      | Found a runed translucent door.
  7687 | D:8      | Found a shimmering altar of Xom.
  7687 | D:8      | Noticed Darkkill's ghost (novice MiHu)
  7688 | D:8      | Noticed a +0 mace of chaos
  7695 | D:8      | Reached XP level 10. HP: 77/86 MP: 12/12
  7723 | D:8      | Received a gift from Okawaru
  7997 | D:8      | Reached skill level 10 in Axes
  8286 | D:8      | Reached skill level 5 in Invocations
  8421 | D:9      | Noticed a gargoyle
  8438 | D:9      | Killed a gargoyle
  8438 | D:9      | Reached **** piety under Okawaru
  8906 | D:9      | Reached skill level 11 in Axes
  9061 | D:9      | Received a gift from Okawaru
  9395 | D:9      | Noticed Psyche
  9405 | D:9      | Killed Psyche
  9486 | D:9      | Reached XP level 11. HP: 80/95 MP: 14/14
  9580 | D:9      | Found a staircase to the Orcish Mines.
  9693 | D:10     | Entered Level 10 of the Dungeon
  9845 | D:10     | Found an ancient bone altar of Kikubaaqudgha.
  9873 | D:10     | Reached ***** piety under Okawaru
 10118 | D:10     | Found a staircase to the Lair.
 10126 | D:10     | Received a gift from Okawaru
 10512 | D:10     | Noticed Lodul
 10533 | D:10     | Killed Lodul
 10541 | D:10     | Identified the +1 war axe "Haicer" {flame, +Blink rN+
                  | rCorr} (Okawaru gifted it to you on level 10 of the
                  | Dungeon)
 10541 | D:10     | Received a gift from Okawaru
 10795 | D:10     | Noticed Maurice
 10826 | D:10     | Killed Maurice
 10827 | D:10     | Reached skill level 12 in Axes
 10911 | D:10     | Noticed Nergalle
 10918 | D:10     | Killed Nergalle
 10942 | D:10     | Noticed Sonja
 10949 | D:10     | Killed Sonja
 11166 | D:10     | Noticed a two-headed ogre
 11174 | D:10     | Killed a two-headed ogre
 11478 | D:1      | Bought a scroll of enchant armour for 75 gold pieces
 11581 | D:5      | Bought a potion of heal wounds for 70 gold pieces
 11581 | D:5      | Bought a potion of might for 56 gold pieces
 11687 | D:5      | Bought a scroll labelled AFOZEY WUINITE for 29 gold pieces
 11687 | D:5      | Bought 2 bubbling clear potions for 52 gold pieces
 11687 | D:5      | Bought a scroll of enchant weapon for 217 gold pieces
 11709 | D:5      | Bought a tower shield for 130 gold pieces
 11904 | Lair:1   | Entered Level 1 of the Lair of Beasts
 12343 | Lair:1   | Received a gift from Okawaru
 12483 | Lair:1   | Reached XP level 12. HP: 106/106 MP: 13/16
 12485 | Lair:1   | Received a gift from Okawaru
 12510 | Lair:1   | Noticed a boulder beetle
 12529 | Lair:1   | Killed a boulder beetle
 12530 | Lair:1   | Reached skill level 13 in Axes
 12530 | Lair:1   | Reached skill level 10 in Armour
 12643 | Lair:1   | Noticed a catoblepas
 12645 | Lair:1   | Reached skill level 10 in Shields
 12683 | Lair:1   | Killed a catoblepas
 12684 | Lair:1   | Reached skill level 10 in Fighting
 13495 | Lair:2   | Found a staircase to the Swamp.
 14155 | Lair:2   | Received a gift from Okawaru
 14616 | Lair:3   | Noticed a five-headed hydra
 14629 | Lair:3   | Killed a 12-headed hydra
 14829 | Lair:3   | Found an opulent altar of Gozag.
 15251 | Lair:3   | Found a staircase to the Snake Pit.
 15776 | Lair:3   | Reached skill level 14 in Axes
 15779 | Lair:3   | Received a gift from Okawaru
 16131 | Lair:4   | Noticed a five-headed hydra
 16142 | Lair:4   | Killed a five-headed hydra
 16148 | Lair:4   | Noticed a death yak
 16150 | Lair:4   | Noticed an eight-headed hydra
 16150 | Lair:4   | Noticed a death yak
 16154 | Lair:4   | Noticed a death yak
 16163 | Lair:4   | Noticed a death yak
 16178 | Lair:4   | HP: 5/108 [19-headed hydra (3)]
 16178 | Lair:4   | Slain by a death yak

Illustrated notes

Levels and vault maps discovered:
D:1:      dpeg_arrival_tiny_h, layout_basic,
          shapermc_ecumenical_altar_notcrosses, serial_shops,
          nicolae_shop_hallway_stairs
D:2:      layout_rooms
D:3:      layout_loops_ring, mainiacjoe_overflow_surrounded_room,
          cheibrodos_sewer_entry_sluice, amcnicky_mini_pool_small,
          kennysheep_generic_room_2
D:4:      layout_loops_corners, minmay_temple_entry_grid,
          hangedman_decor_clover_reticule, minmay_rat_hole
D:5:      minmay_polygon_palace, layout_loops_corners, serial_shops,
          nicolae_inconvenience_store, shop, nicolae_diamond_shop,
          nicolae_shop_crystal, nicolae_shop_waterfront,
          kennysheep_pointless_box, minmay_manual_mess, uniq_edmund
D:6:      kennysheep_housing_project, layout_basic, mainiacjoe_overflow_paths,
          uniq_grinder
D:7:      layout_cave_pools, nrook_pool_corridor,
          amcnicky_mini_rare_corridor_liquid, st_stairs_8,
          uniq_crazy_yiuf_cottage
D:8:      layout_loops_ring, ebering_ghost_xom
D:9:      layout_loops_ring, hiddenorc1_lemuel, uniq_psyche
D:10:     layout_loops_corners, lemuel_crystal_altar, erik_lair_island,
          uniq_lodul, uniq_maurice, uniq_sonja, uniq_nergalle
Temple:   nicolae_temple_bog_church
Lair:1:   layout_misc_corridors
Lair:2:   layout_roguey, nicolae_swamp_entry_splash_gauntlet,
          kennysheep_abandoned_house, lemuel_fruit_tree
Lair:3:   layout_layer_cave, guppyfry_snake_entry_island, basic_altar,
          grunt_megastairs_5, lemuel_fruit_fields
Lair:4:   slaughterhouse, layout_layer_cave, dpeg_slime_entry_enclosed,
          lookout_lair_type

Skill      XL: |  1  2  3  4  5  6  7  8  9 10 11 12 |
---------------+-------------------------------------+-----
Axes           | 3 4 5 6 8 9 11 12 14 | 14.2
Fighting       | 4 5 6 7 8 9 10 | 10.7
Armour         | 4 5 6 7 8 9 10 | 10.8
Shields        | 4 5 6 7 8 9 10 | 10.7
Throwing       | 1 2 4 5 6 7 8 |  8.3
Invocations    | 2 3 4 5 6 7 |  7.9

Action                     |  1- 3 |  4- 6 |  7- 9 | 10-12 || total
---------------------------+-------+-------+-------+-------++-------
  Melee: War axe           |    81 |   167 |   202 |   289 ||   739
         Headbutt          |     9 |    25 |    34 |   104 ||   172
         Broad axe         |       |       |       |   254 ||   254
  Throw: Boomerang         |       |    28 |    26 |    36 ||    90
 Invoke: Heroism           |       |       |     4 |    10 ||    14
         Finesse           |       |       |       |     2 ||     2
    Use: Scroll            |       |    12 |     6 |    15 ||    33
         Potion            |       |       |       |     2 ||     2
 Armour: Scale mail        |    44 |    26 |       |       ||    70
         Chain mail        |       |    42 |   103 |   365 ||   510
  Dodge: Dodged            |    40 |    63 |    73 |   232 ||   408
  Block: Buckler           |    27 |    38 |    72 |   198 ||   335

Table legend: (Time is in decaauts)
 A = Elapsed time spent in this place.
 B = Non-inter-level travel time spent in this place.
 C = Inter-level travel time spent in this place.
 D = Time resting spent in this place.
 E = Time spent auto-exploring this place.
 F = Levels seen in this place.
 G = Mean time per level.
                   A        B        C        D        E       F      G
               +--------+--------+--------+--------+--------+-----+--------+
         Total |  16287 |  15311 |    976 |    763 |  10644 |  16 | 1017.9 |
       Dungeon |  11559 |  10650 |    909 |    199 |   7628 |  10 | 1155.9 |
        Temple |    110 |     93 |     17 |      0 |     71 |   1 |  110.0 |
          Lair |   4237 |   4187 |     50 |    564 |   2817 |   4 | 1059.2 |
         Sewer |    380 |    380 |      0 |      0 |    128 |   1 |  380.0 |
               +--------+--------+--------+--------+--------+-----+--------+

Top non-repeatable levels by time:
     D:5: 2023 daAuts
    D:10: 1646 daAuts
  Lair:3: 1601 daAuts
     D:6: 1473 daAuts
     D:9: 1365 daAuts
  Lair:1: 1343 daAuts
  Lair:2: 1263 daAuts
     D:3: 1092 daAuts
     D:4: 1086 daAuts
     D:8: 815 daAuts
     D:1: 770 daAuts
     D:7: 727 daAuts
     D:2: 558 daAuts
   Sewer: 380 daAuts
  Temple: 110 daAuts
